 Dungeon Crawl Stone Soup version 0.32-a0-834-geaf45d8e21 (webtiles) character file.

Game seed: 15419814443460535969

23 jasper the Sneak (level 2, 0/13 HPs)
             Began as a Spriggan Conjurer on Mar 25, 2024.
             Slain by Terence
             ... wielding a +1 heavy flail
              (13 damage)
             ... on level 2 of the Dungeon.
             The game lasted 00:01:36 (1561 turns).

jasper the Sneak (Spriggan Conjurer)                Turns: 1561, Time: 00:01:37

Health: 0/13       AC:  2    Str:  3    XL:     2   Next: 75%
Magic:  2/7        EV: 16    Int: 19    God:
Gold:   88         SH:  0    Dex: 13    Spells: 4/7 levels left

rFire   . . .        c - +0 short sword
rCold   . . .        (no shield)
rNeg    . . .        a - +0 robe
rPois   .            (helmet restricted)
rElec   .            (no cloak)
rCorr   .            (gloves unavailable)
SInv    +            (boots unavailable)
Will    .....        (no amulet)
Stlth   +++          (no ring)
HPRegen 0.22/turn    (no ring)
MPRegen 0.10/turn

%: no passive effects
@: very quick
A: very small, no large weapons, unfitting armour, see invisible, speed 3
a: no special abilities


You were on level 2 of the Dungeon.
You visited 1 branch of the dungeon, and saw 2 of its levels.

You collected 88 gold pieces.

Inventory:

Hand Weapons
 c - a +0 short sword (weapon)
Missiles
 d - 23 stones
 f - 2 throwing nets
Armour
 a - a +0 robe (worn)
Scrolls
 e - a scroll of identify
Potions
 b - a potion of magic


   Skills:
 - Level 2.6 Dodging
 - Level 4.4 Stealth
 - Level 3.0 Spellcasting
 + Level 3.1 Conjurations


You had 4 spell levels left.
You knew the following spells:

 Your Spells              Type           Power      Damage    Failure   Level
a - Magic Dart            Conj           56%        1d5       4%          1
b - Searing Ray           Conj           28%        2d5       6%          2

Your spell library contained the following spells:

 Spells                   Type           Power      Damage    Failure   Level
 Fulminant Prism          Conj/Alch      4%         3d5       61%         4
 Iskenderun's Mystic Bla  Conj/Tloc      8%         2d4       61%         4


Dungeon Overview and Level Annotations

Branches:
Dungeon (2/15)

Altars:

Annotations:
D:2 Terence


Innate Abilities, Weirdness & Mutations

You are very small and have problems with some larger weapons.
You are too small for most types of armour.
You have supernaturally acute eyesight. (SInv)
You cover ground extremely quickly. (Speed+++)


Message History

The ball python hisses angrily.
Terence shouts!
Found 6 stones.
The bat attacks as it pursues you! The bat misses you.
The bat barely misses you. The bat attacks as it pursues you!
The bat misses you. The bat misses you. The bat attacks as it pursues you!
The bat misses you. The bat hits you.
You take 1 damage, and have 12/13 hp.
Casting: Searing Ray (safe; 6% risk of failure)
Confirm with . or Enter, or press ? or * to list all spells.
Aiming: Searing Ray (safe; 6% risk of failure)
Press: ? - help, Shift-Dir - straight line, f - bat
Aim: a bat (64% to hit)
The searing ray misses the bat. (Press . to maintain the ray.)
The bat closely misses you.
You now have 5/7 mp.
The searing ray hits the bat.
You kill the bat!
You now have 4/7 mp.
The searing ray hits Terence but does no damage.
Health restored: 13 You now have 3/7 mp.
The searing ray hits Terence!
Terence is heavily wounded.
You finish channelling your searing ray.
You now have 2/7 mp.
Found a scroll labelled SAOPEKYPNE.
Found a stone staircase leading up.
What are your orders? t - Shout!
Orders for allies: a - Attack new target. r - Retreat! s - Stop attacking. g - Guard the area. f - Follow me.
Anything else - Cancel.
Okay, then.
Unknown command.
Found a scroll of identify.
Terence hits you with a +1 heavy flail!
Ouch! That really hurt!
You die...
Terence says, "Time to find some more victims."

# #.#.#..#
#.#.#.#..#
#?#.#....#
#.#...# #.#...#
#####.#...#
#....<#S#.....#
#......@#####.#
#.....@.....#
.......#....?#
##...#########
..... .... ...
.


You could see Terence and a ball python.

Vanquished Creatures
  2 bats
  4 giant cockroaches (D:1)
  3 goblins (D:1)
  3 hobgoblins (D:1)
  2 jackals (D:1)
  A quokka (D:1)
  A ball python (D:1)
  A kobold (D:1)
  3 rats (D:1)
20 creatures vanquished.

Notes
Turn   | Place    | Note
-------+----------+-------------------------------------------
     0 | D:1      | jasper the Spriggan Conjurer began the quest for the Orb.
     0 | D:1      | Reached XP level 1. HP: 9/9 MP: 5/5
   283 | D:1      | Reached skill level 4 in Stealth
   284 | D:1      | Reached XP level 2. HP: 13/13 MP: 0/6
   287 | D:1      | Learned a level 2 spell: Searing Ray
  1541 | D:2      | Noticed Terence
  1561 | D:2      | Slain by Terence

Illustrated notes

Levels and vault maps discovered:
D:1:      heliophobic_arrival_enchanted_forest, layout_basic, minmay_hexomino_u4
D:2:      layout_basic, basic_altar, uniq_terence, uniq_robin

Skill      XL: |  1  2 |
---------------+-------+-----
Stealth        | 4 |  4.4
Conjurations   | 3 |  3.1
Spellcasting   | 3 |  3.0
Dodging        | |  2.6

Action                     || total
---------------------------++-------
  Melee: Short sword       ||     5
   Cast: Magic Dart        ||    38
         Searing Ray       ||     4
    Use: Scroll            ||     1
 Armour: Robe              ||     3
  Dodge: Dodged            ||    14

Table legend: (Time is in decaauts)
 A = Elapsed time spent in this place.
 B = Non-inter-level travel time spent in this place.
 C = Inter-level travel time spent in this place.
 D = Time resting spent in this place.
 E = Time spent auto-exploring this place.
 F = Levels seen in this place.
 G = Mean time per level.
                   A        B        C        D        E       F      G
               +--------+--------+--------+--------+--------+-----+--------+
         Total |   1144 |   1106 |     38 |     54 |    939 |   2 |  572.0 |
       Dungeon |   1144 |   1106 |     38 |     54 |    939 |   2 |  572.0 |
               +--------+--------+--------+--------+--------+-----+--------+

Top non-repeatable levels by time:
     D:1: 1130 daAuts
     D:2: 13 daAuts
